 Dungeon Crawl Stone Soup version 0.18.1-50-g88ac8fd (webtiles) character file.

146 grisgris the Vexing (level 5, -3/35 HPs)
             Began as a Vampire Enchanter on Oct 17, 2016.
             Was an Initiate of Sif Muna.
             Killed from afar by Shufflesack's ghost (7 damage)
             ... with a magic dart
             ... on level 3 of the Dungeon.
             The game lasted 00:07:51 (2046 turns).

grisgris the Vexing (Vampire Enchanter)             Turns: 2046, Time: 00:07:52

Health: -3/35      AC:  3    Str:  5 (7)  XL:     5   Next: 7%
Magic:  4/9        EV: 13    Int: 17 (18) God:    Sif Muna [......]
Gold:   49         SH:  0    Dex: 13 (15) Spells: 3 memorised, 4 levels left

rFire  . . .     SeeInvis +     l - +2 dagger (venom)
rCold  + + .     Gourm    .     b - +1 robe
rNeg   + + +     Faith    .     (no shield)
rPois  +         Spirit   .     (no helmet)
rElec  .         Dismiss  .     (no cloak)
rCorr  .         Reflect  .     (no gloves)
SustAt .         Harm     .     (no boots)
MR     .....                    k - amulet of regeneration
Stlth  +++.......               (no ring)
                                (no ring)

@: regenerating slowly, not resistant to hostile enchantments, fairly stealthy
A: fangs 3, see invisible, unbreathing
a: Bat Form, Renounce Religion


You were on level 3 of the Dungeon.
You worshipped Sif Muna.
Sif Muna was noncommittal.
You were near bloodless.

You visited 1 branch of the dungeon, and saw 3 of its levels.

You collected 49 gold pieces.

Inventory:

Hand Weapons
 a - a +1 dagger
 l - a +2 dagger of venom (weapon)
Armour
 b - a +1 robe (worn)
Jewellery
 k - an amulet of regeneration (around neck)
Wands
 g - a wand of hasting (6/9)
Scrolls
 e - a scroll of teleportation
 h - a scroll of identify
 i - a scroll of magic mapping
 j - a scroll of remove curse
 m - a scroll of fear {unknown}
Potions
 d - a potion of blood
 f - a potion of heal wounds
Books
 c - a book of Maledictions

   Spells                             Type                      Level
   a - Corona                         Hexes                        1
   b - Ensorcelled Hibernation        Hexes/Ice                    2
   c - Confuse                        Hexes                        3
   d - Tukima's Dance                 Hexes                        3
   e - Dazzling Spray                 Conjuration/Hexes            3


   Skills:
 - Level 2.1 Short Blades
 + Level 3.2 Dodging
 + Level 5.3 Stealth
 * Level 3.0 Spellcasting
 + Level 5.6 Hexes
 + Level 0.2 Ice Magic


You had 4 spell levels left.
You knew the following spells:

 Your Spells              Type           Power        Failure   Level  Hunger
a - Ensorcelled Hibernat  Hex/Ice        ##....       10%         2    ##.....
b - Corona                Hex            ###....      1%          1    None
c - Confuse               Hex            ###.....     8%          3    ###....


Dungeon Overview and Level Annotations

Branches:
Dungeon (3/15)

Altars:
Sif Muna
Xom

Annotations:
D:3 Shufflesack's ghost, amateur DEWz


Innate Abilities, Weirdness & Mutations

You heal slowly.
You have razor-sharp teeth.
You have supernaturally acute eyesight.
You can survive without breathing.


Message History

The orc closely misses you. Shufflesack's ghost hits you.
You hit Shufflesack's ghost.
Shufflesack's ghost is heavily damaged.
Shufflesack's ghost hits you.
* * * LOW HITPOINT WARNING * * *
The orc closely misses you.
You barely miss Shufflesack's ghost.
Shufflesack's ghost is heavily damaged.
Shufflesack's ghost hits you.
* * * LOW HITPOINT WARNING * * *
Casting: Corona
Confirm with . or Enter, or press ? or * to list all spells.
Aiming: Ensorcelled Hibernation
Press: ? - help, Shift-Dir - straight line, f - orc, p - Shufflesack's ghost
Aim: an orc, wielding a war axe (chance to defeat MR: 80%)
The orc looks drowsy...
You feel almost devoid of blood!
Shufflesack's ghost gestures at you while chanting.
The magic dart hits you!
You die...

...... .......
#..........###########
#.................[..#######
##........#............#...#
#...........................
#...................).......
#...........................
######..........@W...............
.................o...............
...............#............#...#
.......#......##...<.....^#.#####
.......#.###########.######.#
.......#.# #)# #.# .......#.# #.#
#.# .......#.# #.# #.# ..†......#
#.....# #.#


You could see Shufflesack's ghost and an orc (sleeping).

Vanquished Creatures
  An orc wizard (D:3)
  3 adders (D:2)
  6 oozes (D:1)
  2 worms (D:2)
  A dart slug (D:2)
  2 orcs (D:3)
  A ball python (D:2)
  3 giant cockroaches (D:1)
  4 goblins
  5 hobgoblins
  5 jackals (D:1)
  6 kobolds
  5 bats
  3 giant newts
  10 rats
57 creatures vanquished.

Notes
Turn   | Place    | Note
--------------------------------------------------------------
     0 | D:1      | grisgris the Vampire Enchanter began the quest for the Orb.
     0 | D:1      | Reached XP level 1. HP: 13/13 MP: 3/3
     1 | D:1      | Found a runed door.
    55 | D:1      | Reached XP level 2. HP: 10/19 MP: 3/5
    59 | D:1      | Learned a level 2 spell: Ensorcelled Hibernation
   355 | D:1      | Reached XP level 3. HP: 14/24 MP: 2/6
   720 | D:1      | Reached skill level 5 in Hexes
   984 | D:1      | Learned a level 3 spell: Confuse
  1042 | D:2      | Reached skill level 5 in Stealth
  1089 | D:2      | Reached XP level 4. HP: 22/30 MP: 4/7
  1207 | D:2      | Found a deep blue altar of Sif Muna.
  1213 | D:2      | Became a worshipper of Sif Muna the Loreminder
  1389 | D:2      | Found a shimmering altar of Xom.
  1400 | D:2      | Found a shimmering altar of Xom.
  1414 | D:2      | Found a shimmering altar of Xom.
  1915 | D:3      | Noticed Shufflesack's ghost (amateur DEWz)
  2028 | D:3      | Reached XP level 5. HP: 30/35 MP: 9/9
  2046 | D:3      | Killed from afar by Shufflesack's ghost

Skill      XL: |  1  2  3  4 |
---------------+-------------+-----
Hexes          | 5 |  5.6
Short Blades   | 2 |  2.1
Stealth        | 5 |  5.3
Dodging        | 3 |  3.2
Spellcasting   | 3 |  3.0
Ice Magic      | |  0.2

Action                   |  1- 3 |  4- 6 || total
-------------------------+-------+-------++-------
Melee: Dagger            |   101 |    49 ||   150
       Bite              |     5 |     3 ||     8
 Cast: Corona            |     1 |     4 ||     5
       Ensorcelled Hiber |    20 |    18 ||    38
 Abil: End Transformatio |     1 |       ||     1
       Bat Form          |     1 |       ||     1
  Use: Scroll            |       |     4 ||     4
       Potion            |       |     3 ||     3
 Stab: Sleeping          |    19 |    15 ||    34
Armor: Robe              |    28 |    12 ||    40
Dodge: Dodged            |    53 |    31 ||    84
